Connexion

NEW YORK Rangers vs WASHINGTON Capitals

Created - 28 août 2023 at 07:07

Goals
1 2 3 OT1 SO T
NEW YORK Rangers 1 2 0 0 1 4
WASHINGTON Capitals 0 2 1 0 0 3
Shots
1 2 3 OT1 SO T
NEW YORK Rangers 7 15 6 4 3 32
WASHINGTON Capitals 5 14 8 1 3 28

GoalsPenalties
1st period
1. NEW YORK Rangers , Ryan Strome 5 (John Moore 4, Travis Konecny 7) at 11:04
Kieffer Bellows (NYR) for Hooking (Minor) at 6:07
Jared McCann (WAS) for Holding (Minor) at 16:31
Logan Stanley (NYR) for Roughing (Minor) at 16:31
2nd period
2. WASHINGTON Capitals , Brandon Hagel 5 (Nikita Kucherov 11, Shea Theodore 8) at 5:58
3. NEW YORK Rangers , Jon Merrill 2 (Logan Couture 3, Nolan Patrick 3) at 9:44
4. NEW YORK Rangers , John Moore 1 (Nolan Patrick 4, Zach Hyman 5) at 12:35 (PP)
5. WASHINGTON Capitals , Nikita Kucherov 3 (Aleksander Barkov 6, Joel Hanley 6) at 14:04
Joel Hanley (WAS) for Hooking (Minor) at 11:27
3rd period
6. WASHINGTON Capitals , Nikita Kucherov 4 (Brandon Hagel 5, Shea Theodore 9) at 4:59
Overtime #1
No Goal
Shootout
NEW YORK Rangers, Travis Konecny - Stopped by Jordan Binnington
WASHINGTON Capitals, Aleksander Barkov - Shot Misses the Net
NEW YORK Rangers, Nolan Patrick - Goal!
WASHINGTON Capitals, Nikita Kucherov - Stopped by Semyon Varlamov
NEW YORK Rangers, Logan Couture - Stopped by Jordan Binnington
WASHINGTON Capitals, Denis Gurianov - Stopped by Semyon Varlamov
Goalie Stats
Semyon Varlamov (NYR), 25 saves from 28 shots - (0,893), W, 3-1-0, 65:00 minutes
Jordan Binnington (WAS), 29 saves from 32 shots - (0,906), OTL, 6-1-2, 65:00 minutes
3 StarsOfficial
1 - Nikita Kucherov (WAS)
2 - Brandon Hagel (WAS)
3 - John Moore (NYR)
Referees : Mike Leggo and Brian Pochmara
Linesman : David Brisebois and Tim Nowak
Game Note
No Game Note
Finance
Level 1 -- Attendance: 4250 (70,83%) -- Ticket Income 701 250 $
Level 2 -- Attendance: 3717 (70,44%) -- Ticket Income 408 870 $
Level 3 -- Attendance: 1124 (56,20%) -- Ticket Income 95 540 $
Level 4 -- Attendance: 2157 (53,93%) -- Ticket Income 125 106 $
Luxury Box -- Attendance: 1000 (100,00%) -- Ticket Income 250 000 $
Game was played at the Verizon Center.
Total Attendance: 12248 (67,01%)
Total Ticket Income: 1 580 766 $
Other Income: 316 153 $
Total Income: 1 896 919 $



Team Name Goals Shots Shots Attemp Shots Blocked PIM HIT PP PK FO%
NEW YORK Rangers 43256114151 / 1 (100%)053%
WASHINGTON Capitals 3286554140 / 1 (0%)147%

NEW YORK Rangers
Player Name POS G A P +/- PIM HIT SHT SB MP PP MP PP SHT PK MP PK SHT FO% FOT
Cody GoloubefD000-1001018:090:0000:0000% 0
Jakob ChychrunD0000031225:010:5011:0100% 0
Jesse PuljujarviRW0000002213:480:0000:00050% 2
John MooreD1120001119:580:1810:5800% 0
Jon MerrillD1010011119:240:1800:5800% 0
Kieffer BellowsLW0000221012:540:0000:0000% 1
Logan CoutureC/LW0110011120:250:5000:460100% 1
Logan StanleyD000-1230015:340:0000:0000% 0
Nolan PatrickC0220016019:070:1800:00061% 23
Ryan StromeC/RW101-1006022:490:5000:00057% 28
Taylor HallC/LW000-1011023:330:1800:4600% 1
Torey KrugD0000003326:530:5011:0100% 0
Travis KonecnyC/LW/RW011-1022021:130:5001:13067% 6
Trevor MooreC/LW/RW000000106:430:0000:00067% 3
Ty DellandreaC0000000112:220:0000:00044% 16
Tyler EnnisC/LW000001107:400:0000:00030% 10
Vasili PodkolzinRW000000104:330:0000:0000% 0
Zach HymanC/LW/RW0110003020:540:1801:13050% 6
WASHINGTON Capitals
Player Name POS G A P +/- PIM HIT SHT SB MP PP MP PP SHT PK MP PK SHT FO% FOT
Aleksander BarkovC0112002021:360:5100:00046% 26
Alex KillornC/LW/RW0000012016:110:0000:54017% 6
Andreas JohnssonLW/RW0000001010:430:0000:0000% 0
Brandon HagelLW1122004021:531:0800:00067% 3
Denis GurianovLW/RW000-1013018:511:0800:00067% 3
Dryden HuntC/LW000000107:400:0000:00013% 8
Frederick GaudreauC/RW000-1025020:131:0810:54046% 28
Givani SmithRW000000007:060:0000:0000% 1
Haydn FleuryD0001010124:240:5100:3800% 0
Jared McCannC/LW000-1210017:240:5100:140100% 3
Joel HanleyD0110200019:151:0800:0000% 0
Joel KivirantaLW0000020010:270:0000:0000% 1
Mikey EyssimontC/LW0000001013:120:0000:14065% 17
Nick JensenD0000020021:350:5100:3000% 0
Nikita KucherovRW2132017021:360:5100:000100% 1
Sean WalkerD0000031018:440:0000:0000% 0
Shea TheodoreD0221001224:411:0800:3800% 0
Slater KoekkoekD0000000216:200:0000:3000% 0



Play-by-Play

1st period


0:01 of 1st period - Aleksander Barkov wins face-off versus Travis Konecny in neutral zone.
0:29 of 1st period - Icing by Aleksander Barkov.
0:30 of 1st period - Nolan Patrick wins face-off versus Aleksander Barkov in WASHINGTON Capitals zone.
1:30 of 1st period - Shot by Ty Dellandrea.
1:30 of 1st period - Shot Misses the Net.
1:59 of 1st period - Jesse Puljujarvi is hit by Nick Jensen and loses puck.
2:46 of 1st period - Shot by Torey Krug.
2:46 of 1st period - Stopped by Jordan Binnington without a rebound.
2:47 of 1st period - Logan Couture wins face-off versus Dryden Hunt in WASHINGTON Capitals zone.
2:52 of 1st period - Shot by Nolan Patrick.
2:52 of 1st period - Shot Misses the Net.
3:22 of 1st period - Shot by Nolan Patrick.
3:22 of 1st period - Stopped by Jordan Binnington without a rebound.
3:23 of 1st period - Mikey Eyssimont wins face-off versus Tyler Ennis in WASHINGTON Capitals zone.
3:57 of 1st period - Logan Stanley is hit by Alex Killorn and loses puck.
5:30 of 1st period - Icing by Sean Walker.
5:31 of 1st period - Ty Dellandrea wins face-off versus Aleksander Barkov in WASHINGTON Capitals zone.
6:07 of 1st period - Minor Penalty to Kieffer Bellows for Hooking.
6:08 of 1st period - Zach Hyman wins face-off versus Frederick Gaudreau in NEW YORK Rangers zone.
6:35 of 1st period - Shot by Denis Gurianov.
6:35 of 1st period - Deflect By Frederick Gaudreau.
6:35 of 1st period - Stopped by Semyon Varlamov without a rebound.
6:36 of 1st period - Jared McCann wins face-off versus Zach Hyman in NEW YORK Rangers zone.
6:36 of 1st period - Jared McCann is hit by Jakob Chychrun.
8:09 of 1st period - Icing by Logan Stanley.
8:10 of 1st period - Ty Dellandrea wins face-off versus Dryden Hunt in NEW YORK Rangers zone.
8:33 of 1st period - Shot by Jesse Puljujarvi.
8:33 of 1st period - Shot Blocked by Slater Koekkoek.
9:16 of 1st period - Icing by Cody Goloubef.
9:17 of 1st period - Frederick Gaudreau wins face-off versus Ty Dellandrea in NEW YORK Rangers zone.
10:40 of 1st period - Icing by John Moore.
10:41 of 1st period - Ryan Strome wins face-off versus Aleksander Barkov in NEW YORK Rangers zone.
11:04 of 1st period - Shot by Ryan Strome.
11:04 of 1st period - Goal by Ryan Strome - NEW YORK Rangers : 1 - WASHINGTON Capitals : 0.
11:05 of 1st period - Mikey Eyssimont wins face-off versus Tyler Ennis in neutral zone.
11:10 of 1st period - Icing by Tyler Ennis.
11:11 of 1st period - Mikey Eyssimont wins face-off versus Tyler Ennis in NEW YORK Rangers zone.
11:16 of 1st period - Shot by Alex Killorn.
11:16 of 1st period - Shot Blocked by Torey Krug.
11:28 of 1st period - Shot by Tyler Ennis.
11:28 of 1st period - Deflect By Trevor Moore.
11:28 of 1st period - Shot Misses the Net.
11:44 of 1st period - Mikey Eyssimont is hit by Tyler Ennis and loses puck.
12:21 of 1st period - Shot by Nikita Kucherov.
12:21 of 1st period - Shot Misses the Net.
12:23 of 1st period - Shot by Slater Koekkoek.
12:23 of 1st period - Shot Misses the Net.
12:25 of 1st period - Shot by Brandon Hagel.
12:25 of 1st period - Shot Misses the Net.
12:31 of 1st period - Shot by Nikita Kucherov.
12:31 of 1st period - Shot Misses the Net.
12:37 of 1st period - Shot by Nikita Kucherov.
12:37 of 1st period - Stopped by Semyon Varlamov without a rebound.
12:38 of 1st period - Frederick Gaudreau wins face-off versus Nolan Patrick in NEW YORK Rangers zone.
12:45 of 1st period - Shot by Denis Gurianov.
12:45 of 1st period - Stopped by Semyon Varlamov without a rebound.
12:46 of 1st period - Frederick Gaudreau wins face-off versus Nolan Patrick in NEW YORK Rangers zone.
12:47 of 1st period - Shot by Shea Theodore.
12:47 of 1st period - Shot Misses the Net.
12:57 of 1st period - Shot by Logan Couture.
12:57 of 1st period - Shot Misses the Net.
13:17 of 1st period - Shot by Frederick Gaudreau.
13:17 of 1st period - Stopped by Semyon Varlamov without a rebound.
13:18 of 1st period - Aleksander Barkov wins face-off versus Ryan Strome in NEW YORK Rangers zone.
13:36 of 1st period - Travis Konecny is hit by Sean Walker and loses puck.
13:45 of 1st period - Shot by Brandon Hagel.
13:45 of 1st period - Stopped by Semyon Varlamov without a rebound.
13:46 of 1st period - Nolan Patrick wins face-off versus Mikey Eyssimont in NEW YORK Rangers zone.
13:59 of 1st period - Shot by Nolan Patrick.
13:59 of 1st period - Stopped by Jordan Binnington without a rebound.
14:00 of 1st period - Jared McCann wins face-off versus Kieffer Bellows in WASHINGTON Capitals zone.
14:05 of 1st period - Icing by Nick Jensen.
14:06 of 1st period - Frederick Gaudreau wins face-off versus Ryan Strome in WASHINGTON Capitals zone.
14:38 of 1st period - Icing by Torey Krug.
14:39 of 1st period - Aleksander Barkov wins face-off versus Ryan Strome in NEW YORK Rangers zone.
14:56 of 1st period - Shot by Torey Krug.
14:56 of 1st period - Shot Blocked by Haydn Fleury.
15:17 of 1st period - Shea Theodore is hit by Taylor Hall and loses puck.
16:09 of 1st period - Shot by Nolan Patrick.
16:09 of 1st period - Stopped by Jordan Binnington without a rebound.
16:10 of 1st period - Denis Gurianov wins face-off versus Ty Dellandrea in WASHINGTON Capitals zone.
16:10 of 1st period - Denis Gurianov is hit by Kieffer Bellows.
16:31 of 1st period - Minor Penalty to Jared McCann for Holding.
16:31 of 1st period - Minor Penalty to Logan Stanley for Roughing.
16:32 of 1st period - Tyler Ennis wins face-off versus Mikey Eyssimont in NEW YORK Rangers zone.
16:56 of 1st period - Shot by Alex Killorn.
16:56 of 1st period - Shot Misses the Net.
17:42 of 1st period - Shot by Trevor Moore.
17:42 of 1st period - Stopped by Jordan Binnington without a rebound.
17:43 of 1st period - Mikey Eyssimont wins face-off versus Tyler Ennis in WASHINGTON Capitals zone.
17:45 of 1st period - Icing by Sean Walker.
17:46 of 1st period - Mikey Eyssimont wins face-off versus Tyler Ennis in WASHINGTON Capitals zone.
18:22 of 1st period - Icing by Slater Koekkoek.
18:23 of 1st period - Trevor Moore wins face-off versus Mikey Eyssimont in WASHINGTON Capitals zone.
19:12 of 1st period - Shot by Cody Goloubef.
19:12 of 1st period - Shot Misses the Net.
19:21 of 1st period - Icing by Shea Theodore.
19:22 of 1st period - Ryan Strome wins face-off versus Aleksander Barkov in WASHINGTON Capitals zone.
19:39 of 1st period - Shot by Travis Konecny.
19:39 of 1st period - Stopped by Jordan Binnington without a rebound.
19:40 of 1st period - Jared McCann wins face-off versus Tyler Ennis in WASHINGTON Capitals zone.
19:48 of 1st period - Shot by Frederick Gaudreau.
19:48 of 1st period - Shot Blocked by Torey Krug.
19:56 of 1st period - Shot by Jared McCann.
19:56 of 1st period - Shot Misses the Net.
19:58 of 1st period - Shot by Joel Hanley.
19:58 of 1st period - Shot Blocked by Jakob Chychrun.
Goals for this period are 1 for NEW YORK Rangers vs 0 for WASHINGTON Capitals.
Shots for this period are 7 for NEW YORK Rangers vs 5 for WASHINGTON Capitals.

2nd period


0:01 of 2nd period - Nolan Patrick wins face-off versus Aleksander Barkov in neutral zone.
0:16 of 2nd period - Torey Krug is hit by Nikita Kucherov and loses puck.
0:50 of 2nd period - Off-side.
0:51 of 2nd period - Ryan Strome wins face-off versus Frederick Gaudreau in neutral zone.
0:58 of 2nd period - Off-side.
0:59 of 2nd period - Ryan Strome wins face-off versus Frederick Gaudreau in neutral zone.
1:06 of 2nd period - Shot by Ryan Strome.
1:06 of 2nd period - Stopped by Jordan Binnington without a rebound.
1:07 of 2nd period - Ryan Strome wins face-off versus Frederick Gaudreau in WASHINGTON Capitals zone.
1:31 of 2nd period - Shot by Joel Hanley.
1:31 of 2nd period - Shot Misses the Net.
1:33 of 2nd period - Shot by Frederick Gaudreau.
1:33 of 2nd period - Stopped by Semyon Varlamov without a rebound.
1:34 of 2nd period - Brandon Hagel wins face-off versus Zach Hyman in NEW YORK Rangers zone.
2:11 of 2nd period - Shot by Nolan Patrick.
2:11 of 2nd period - Shot Misses the Net.
2:13 of 2nd period - Shot by Zach Hyman.
2:13 of 2nd period - Deflect By Nolan Patrick.
2:13 of 2nd period - Stopped by Jordan Binnington without a rebound.
2:14 of 2nd period - Frederick Gaudreau wins face-off versus Ryan Strome in WASHINGTON Capitals zone.
2:42 of 2nd period - Denis Gurianov is hit by Jon Merrill and loses puck.
3:33 of 2nd period - Icing by Kieffer Bellows.
3:34 of 2nd period - Brandon Hagel wins face-off versus Ty Dellandrea in NEW YORK Rangers zone.
3:43 of 2nd period - Shot by Brandon Hagel.
3:43 of 2nd period - Shot Blocked by Ty Dellandrea.
4:10 of 2nd period - Off-side.
4:11 of 2nd period - Nolan Patrick wins face-off versus Dryden Hunt in neutral zone.
4:17 of 2nd period - Zach Hyman is hit by Nick Jensen and loses puck.
5:52 of 2nd period - Shot by Nikita Kucherov.
5:52 of 2nd period - Shot Misses the Net.
5:54 of 2nd period - Shot by Shea Theodore.
5:54 of 2nd period - Stopped by Semyon Varlamov with a rebound.
5:56 of 2nd period - Shot by Nikita Kucherov.
5:56 of 2nd period - Shot Misses the Net.
5:58 of 2nd period - Shot by Brandon Hagel.
5:58 of 2nd period - Goal by Brandon Hagel - NEW YORK Rangers : 1 - WASHINGTON Capitals : 1.
5:59 of 2nd period - Mikey Eyssimont wins face-off versus Ty Dellandrea in neutral zone.
6:41 of 2nd period - Shot by Ty Dellandrea.
6:41 of 2nd period - Shot Blocked by Shea Theodore.
6:43 of 2nd period - Shot by Torey Krug.
6:43 of 2nd period - Shot Misses the Net.
6:53 of 2nd period - Shot by Vasili Podkolzin.
6:53 of 2nd period - Stopped by Jordan Binnington without a rebound.
6:54 of 2nd period - Ryan Strome wins face-off versus Aleksander Barkov in WASHINGTON Capitals zone.
7:12 of 2nd period - Brandon Hagel is hit by Logan Stanley and loses puck.
7:46 of 2nd period - Icing by Travis Konecny.
7:47 of 2nd period - Ryan Strome wins face-off versus Frederick Gaudreau in NEW YORK Rangers zone.
7:54 of 2nd period - Shot by Frederick Gaudreau.
7:54 of 2nd period - Shot Misses the Net.
7:56 of 2nd period - Shot by Sean Walker.
7:56 of 2nd period - Stopped by Semyon Varlamov without a rebound.
7:57 of 2nd period - Mikey Eyssimont wins face-off versus Nolan Patrick in NEW YORK Rangers zone.
8:01 of 2nd period - Andreas Johnsson is hit by Jakob Chychrun and loses puck.
8:16 of 2nd period - Shot by Zach Hyman.
8:16 of 2nd period - Stopped by Jordan Binnington with a rebound.
8:18 of 2nd period - Shot by Logan Couture.
8:18 of 2nd period - Shot Misses the Net.
8:20 of 2nd period - Shot by Logan Couture.
8:20 of 2nd period - Shot Misses the Net.
8:22 of 2nd period - Shot by Nolan Patrick.
8:22 of 2nd period - Stopped by Jordan Binnington with a rebound.
8:36 of 2nd period - Shot by Zach Hyman.
8:36 of 2nd period - Stopped by Jordan Binnington without a rebound.
8:37 of 2nd period - Aleksander Barkov wins face-off versus Ty Dellandrea in WASHINGTON Capitals zone.
8:48 of 2nd period - Shot by Aleksander Barkov.
8:48 of 2nd period - Stopped by Semyon Varlamov without a rebound.
8:49 of 2nd period - Ryan Strome wins face-off versus Frederick Gaudreau in NEW YORK Rangers zone.
8:49 of 2nd period - Ryan Strome is hit by Frederick Gaudreau.
8:59 of 2nd period - Shot by Ryan Strome.
8:59 of 2nd period - Shot Blocked by Slater Koekkoek.
9:01 of 2nd period - Shot by Travis Konecny.
9:01 of 2nd period - Stopped by Jordan Binnington without a rebound.
9:02 of 2nd period - Aleksander Barkov wins face-off versus Ty Dellandrea in WASHINGTON Capitals zone.
9:38 of 2nd period - Off-side.
9:39 of 2nd period - Nolan Patrick wins face-off versus Frederick Gaudreau in neutral zone.
9:42 of 2nd period - Shot by Logan Couture.
9:42 of 2nd period - Shot Misses the Net.
9:44 of 2nd period - Shot by Jon Merrill.
9:44 of 2nd period - Goal by Jon Merrill - NEW YORK Rangers : 2 - WASHINGTON Capitals : 1.
9:45 of 2nd period - Denis Gurianov wins face-off versus Nolan Patrick in neutral zone.
9:58 of 2nd period - Shot by Denis Gurianov.
9:58 of 2nd period - Stopped by Semyon Varlamov without a rebound.
9:59 of 2nd period - Aleksander Barkov wins face-off versus Ryan Strome in NEW YORK Rangers zone.
10:26 of 2nd period - Shot by Ryan Strome.
10:26 of 2nd period - Stopped by Jordan Binnington without a rebound.
10:27 of 2nd period - Nolan Patrick wins face-off versus Frederick Gaudreau in WASHINGTON Capitals zone.
10:40 of 2nd period - Shot by Zach Hyman.
10:40 of 2nd period - Stopped by Jordan Binnington with a rebound.
11:04 of 2nd period - Shot by Frederick Gaudreau.
11:04 of 2nd period - Shot Misses the Net.
11:06 of 2nd period - Shot by Frederick Gaudreau.
11:06 of 2nd period - Deflect By Denis Gurianov.
11:06 of 2nd period - Stopped by Semyon Varlamov with a rebound.
11:27 of 2nd period - Minor Penalty to Joel Hanley for Hooking.
11:28 of 2nd period - Travis Konecny wins face-off versus Frederick Gaudreau in WASHINGTON Capitals zone.
11:29 of 2nd period - Shot by Ryan Strome.
11:29 of 2nd period - Shot Misses the Net.
11:31 of 2nd period - Shot by Jakob Chychrun.
11:31 of 2nd period - Stopped by Jordan Binnington without a rebound.
11:32 of 2nd period - Travis Konecny wins face-off versus Frederick Gaudreau in WASHINGTON Capitals zone.
11:33 of 2nd period - Shot by Torey Krug.
11:33 of 2nd period - Stopped by Jordan Binnington without a rebound.
11:34 of 2nd period - Travis Konecny wins face-off versus Alex Killorn in WASHINGTON Capitals zone.
11:37 of 2nd period - Shot by Jakob Chychrun.
11:37 of 2nd period - Shot Misses the Net.
11:51 of 2nd period - Shot by Jakob Chychrun.
11:51 of 2nd period - Shot Blocked by Shea Theodore.
12:35 of 2nd period - Shot by John Moore.
12:35 of 2nd period - Goal by John Moore - NEW YORK Rangers : 3 - WASHINGTON Capitals : 1.
12:36 of 2nd period - Ty Dellandrea wins face-off versus Aleksander Barkov in neutral zone.
13:07 of 2nd period - Icing by Ty Dellandrea.
13:08 of 2nd period - Dryden Hunt wins face-off versus Ty Dellandrea in NEW YORK Rangers zone.
13:13 of 2nd period - Shot by Joel Kiviranta.
13:13 of 2nd period - Shot Misses the Net.
13:17 of 2nd period - Shot by Dryden Hunt.
13:17 of 2nd period - Shot Blocked by Jesse Puljujarvi.
13:19 of 2nd period - Shot by Dryden Hunt.
13:19 of 2nd period - Shot Blocked by Jesse Puljujarvi.
13:21 of 2nd period - Shot by Joel Kiviranta.
13:21 of 2nd period - Shot Misses the Net.
13:29 of 2nd period - Shot by Dryden Hunt.
13:29 of 2nd period - Stopped by Semyon Varlamov without a rebound.
13:30 of 2nd period - Mikey Eyssimont wins face-off versus Ryan Strome in NEW YORK Rangers zone.
13:43 of 2nd period - Shot by Alex Killorn.
13:43 of 2nd period - Shot Blocked by Jakob Chychrun.
13:45 of 2nd period - Shot by Mikey Eyssimont.
13:45 of 2nd period - Stopped by Semyon Varlamov with a rebound.
13:47 of 2nd period - Shot by Haydn Fleury.
13:47 of 2nd period - Shot Misses the Net.
13:49 of 2nd period - Shot by Alex Killorn.
13:49 of 2nd period - Stopped by Semyon Varlamov without a rebound.
13:50 of 2nd period - Nolan Patrick wins face-off versus Brandon Hagel in NEW YORK Rangers zone.
14:04 of 2nd period - Shot by Nikita Kucherov.
14:04 of 2nd period - Goal by Nikita Kucherov - NEW YORK Rangers : 3 - WASHINGTON Capitals : 2.
14:05 of 2nd period - Travis Konecny wins face-off versus Frederick Gaudreau in neutral zone.
14:14 of 2nd period - Shot by Travis Konecny.
14:14 of 2nd period - Deflect By Ryan Strome.
14:14 of 2nd period - Stopped by Jordan Binnington without a rebound.
14:15 of 2nd period - Aleksander Barkov wins face-off versus Nolan Patrick in WASHINGTON Capitals zone.
14:19 of 2nd period - Off-side.
14:20 of 2nd period - Nolan Patrick wins face-off versus Aleksander Barkov in neutral zone.
14:44 of 2nd period - Off-side.
14:45 of 2nd period - Frederick Gaudreau wins face-off versus Ryan Strome in neutral zone.
15:28 of 2nd period - John Moore is hit by Frederick Gaudreau and loses puck.
16:14 of 2nd period - Shot by Nikita Kucherov.
16:14 of 2nd period - Stopped by Semyon Varlamov without a rebound.
16:15 of 2nd period - Nolan Patrick wins face-off versus Mikey Eyssimont in NEW YORK Rangers zone.
16:17 of 2nd period - Icing by Torey Krug.
16:18 of 2nd period - Nolan Patrick wins face-off versus Mikey Eyssimont in NEW YORK Rangers zone.
16:28 of 2nd period - Andreas Johnsson is hit by Nolan Patrick and loses puck.
16:39 of 2nd period - Shot by Andreas Johnsson.
16:39 of 2nd period - Stopped by Semyon Varlamov with a rebound.
16:41 of 2nd period - Shot by Andreas Johnsson.
16:41 of 2nd period - Shot Misses the Net.
16:51 of 2nd period - Shot by Andreas Johnsson.
16:51 of 2nd period - Shot Blocked by Logan Couture.
17:39 of 2nd period - Shot by Jesse Puljujarvi.
17:39 of 2nd period - Stopped by Jordan Binnington without a rebound.
17:40 of 2nd period - Frederick Gaudreau wins face-off versus Tyler Ennis in WASHINGTON Capitals zone.
18:09 of 2nd period - Icing by Joel Hanley.
18:10 of 2nd period - Frederick Gaudreau wins face-off versus Ryan Strome in WASHINGTON Capitals zone.
18:34 of 2nd period - Icing by Frederick Gaudreau.
18:35 of 2nd period - Nolan Patrick wins face-off versus Frederick Gaudreau in WASHINGTON Capitals zone.
19:02 of 2nd period - Shot by Nikita Kucherov.
19:02 of 2nd period - Stopped by Semyon Varlamov without a rebound.
19:03 of 2nd period - Ryan Strome wins face-off versus Givani Smith in NEW YORK Rangers zone.
19:21 of 2nd period - Icing by Cody Goloubef.
19:22 of 2nd period - Aleksander Barkov wins face-off versus Ryan Strome in NEW YORK Rangers zone.
19:44 of 2nd period - Icing by Haydn Fleury.
19:45 of 2nd period - Zach Hyman wins face-off versus Aleksander Barkov in WASHINGTON Capitals zone.
Goals for this period are 2 for NEW YORK Rangers vs 2 for WASHINGTON Capitals.
Shots for this period are 15 for NEW YORK Rangers vs 14 for WASHINGTON Capitals.

3rd period


0:01 of 3rd period - Nolan Patrick wins face-off versus Aleksander Barkov in neutral zone.
0:14 of 3rd period - Shot by Brandon Hagel.
0:14 of 3rd period - Stopped by Semyon Varlamov without a rebound.
0:15 of 3rd period - Mikey Eyssimont wins face-off versus Travis Konecny in NEW YORK Rangers zone.
0:58 of 3rd period - John Moore is hit by Sean Walker and loses puck.
1:48 of 3rd period - Shot by Nolan Patrick.
1:48 of 3rd period - Shot Misses the Net.
2:16 of 3rd period - Shot by Kieffer Bellows.
2:16 of 3rd period - Shot Misses the Net.
2:30 of 3rd period - Shot by Jesse Puljujarvi.
2:30 of 3rd period - Stopped by Jordan Binnington without a rebound.
2:31 of 3rd period - Ryan Strome wins face-off versus Dryden Hunt in WASHINGTON Capitals zone.
2:51 of 3rd period - Icing by Sean Walker.
2:52 of 3rd period - Tyler Ennis wins face-off versus Dryden Hunt in WASHINGTON Capitals zone.
3:42 of 3rd period - Shot by Nikita Kucherov.
3:42 of 3rd period - Stopped by Semyon Varlamov without a rebound.
3:43 of 3rd period - Frederick Gaudreau wins face-off versus Nolan Patrick in NEW YORK Rangers zone.
3:58 of 3rd period - Shot by Denis Gurianov.
3:58 of 3rd period - Shot Misses the Net.
4:10 of 3rd period - Shot by Frederick Gaudreau.
4:10 of 3rd period - Stopped by Semyon Varlamov with a rebound.
4:12 of 3rd period - Shot by Jared McCann.
4:12 of 3rd period - Shot Blocked by John Moore.
4:14 of 3rd period - Shot by Joel Hanley.
4:14 of 3rd period - Shot Misses the Net.
4:56 of 3rd period - Brandon Hagel is hit by Logan Stanley and loses puck.
4:59 of 3rd period - Shot by Nikita Kucherov.
4:59 of 3rd period - Goal by Nikita Kucherov - NEW YORK Rangers : 3 - WASHINGTON Capitals : 3.
5:00 of 3rd period - Mikey Eyssimont wins face-off versus Jesse Puljujarvi in neutral zone.
7:51 of 3rd period - Shot by Jared McCann.
7:51 of 3rd period - Shot Misses the Net.
8:15 of 3rd period - Sean Walker is hit by Travis Konecny and loses puck.
8:41 of 3rd period - Shot by Torey Krug.
8:41 of 3rd period - Stopped by Jordan Binnington without a rebound.
8:42 of 3rd period - Aleksander Barkov wins face-off versus Ty Dellandrea in WASHINGTON Capitals zone.
9:10 of 3rd period - Shot by Aleksander Barkov.
9:10 of 3rd period - Stopped by Semyon Varlamov without a rebound.
9:11 of 3rd period - Tyler Ennis wins face-off versus Mikey Eyssimont in NEW YORK Rangers zone.
10:47 of 3rd period - Shot by Nikita Kucherov.
10:47 of 3rd period - Stopped by Semyon Varlamov without a rebound.
10:48 of 3rd period - Frederick Gaudreau wins face-off versus Nolan Patrick in NEW YORK Rangers zone.
11:42 of 3rd period - Kieffer Bellows is hit by Sean Walker and loses puck.
12:03 of 3rd period - Slater Koekkoek is hit by Kieffer Bellows.
12:11 of 3rd period - Shot by Kieffer Bellows.
12:11 of 3rd period - Stopped by Jordan Binnington without a rebound.
12:12 of 3rd period - Aleksander Barkov wins face-off versus Ryan Strome in WASHINGTON Capitals zone.
12:38 of 3rd period - Shea Theodore is hit by Jakob Chychrun.
12:40 of 3rd period - Shot by Brandon Hagel.
12:40 of 3rd period - Shot Blocked by Torey Krug.
12:42 of 3rd period - Shot by Aleksander Barkov.
12:42 of 3rd period - Shot Misses the Net.
13:25 of 3rd period - Icing by Alex Killorn.
13:26 of 3rd period - Mikey Eyssimont wins face-off versus Ty Dellandrea in WASHINGTON Capitals zone.
13:48 of 3rd period - Icing by Logan Stanley.
13:49 of 3rd period - Jesse Puljujarvi wins face-off versus Dryden Hunt in NEW YORK Rangers zone.
13:49 of 3rd period - Jesse Puljujarvi is hit by Joel Kiviranta.
14:19 of 3rd period - Icing by Shea Theodore.
14:20 of 3rd period - Zach Hyman wins face-off versus Joel Kiviranta in WASHINGTON Capitals zone.
14:58 of 3rd period - Zach Hyman is hit by Joel Kiviranta and loses puck.
15:23 of 3rd period - Givani Smith is hit by Travis Konecny and loses puck.
15:32 of 3rd period - Shot by Taylor Hall.
15:32 of 3rd period - Deflect By Ryan Strome.
15:32 of 3rd period - Shot Misses the Net.
15:57 of 3rd period - Icing by Haydn Fleury.
15:58 of 3rd period - Ty Dellandrea wins face-off versus Dryden Hunt in WASHINGTON Capitals zone.
16:19 of 3rd period - Shot by Cody Goloubef.
16:19 of 3rd period - Stopped by Jordan Binnington without a rebound.
16:20 of 3rd period - Nikita Kucherov wins face-off versus Nolan Patrick in WASHINGTON Capitals zone.
16:20 of 3rd period - Nikita Kucherov is hit by Logan Couture.
16:30 of 3rd period - Shot by Brandon Hagel.
16:30 of 3rd period - Stopped by Semyon Varlamov without a rebound.
16:31 of 3rd period - Ty Dellandrea wins face-off versus Frederick Gaudreau in NEW YORK Rangers zone.
16:33 of 3rd period - Icing by Jakob Chychrun.
16:34 of 3rd period - Ty Dellandrea wins face-off versus Aleksander Barkov in NEW YORK Rangers zone.
16:44 of 3rd period - Icing by Nick Jensen.
16:45 of 3rd period - Aleksander Barkov wins face-off versus Zach Hyman in WASHINGTON Capitals zone.
16:54 of 3rd period - Shot by Aleksander Barkov.
16:54 of 3rd period - Shot Blocked by Jon Merrill.
17:00 of 3rd period - Shot by Zach Hyman.
17:00 of 3rd period - Shot Misses the Net.
17:02 of 3rd period - Shot by Nolan Patrick.
17:02 of 3rd period - Stopped by Jordan Binnington without a rebound.
17:03 of 3rd period - Frederick Gaudreau wins face-off versus Ryan Strome in WASHINGTON Capitals zone.
17:14 of 3rd period - Shot by Jared McCann.
17:14 of 3rd period - Shot Misses the Net.
17:17 of 3rd period - Icing by Torey Krug.
17:18 of 3rd period - Ryan Strome wins face-off versus Aleksander Barkov in NEW YORK Rangers zone.
17:30 of 3rd period - Icing by Aleksander Barkov.
17:31 of 3rd period - Nolan Patrick wins face-off versus Aleksander Barkov in WASHINGTON Capitals zone.
17:46 of 3rd period - Icing by Logan Couture.
17:47 of 3rd period - Frederick Gaudreau wins face-off versus Nolan Patrick in NEW YORK Rangers zone.
18:01 of 3rd period - Shot by Denis Gurianov.
18:01 of 3rd period - Shot Misses the Net.
18:12 of 3rd period - John Moore is hit by Denis Gurianov and loses puck.
18:23 of 3rd period - Shot by Logan Couture.
18:23 of 3rd period - Stopped by Jordan Binnington without a rebound.
18:24 of 3rd period - Aleksander Barkov wins face-off versus Taylor Hall in WASHINGTON Capitals zone.
18:43 of 3rd period - Icing by Shea Theodore.
18:44 of 3rd period - Ty Dellandrea wins face-off versus Aleksander Barkov in WASHINGTON Capitals zone.
18:44 of 3rd period - Jesse Puljujarvi is hit by Haydn Fleury and loses puck.
18:54 of 3rd period - Aleksander Barkov is hit by Logan Stanley and loses puck.
19:43 of 3rd period - Shot by Alex Killorn.
19:43 of 3rd period - Stopped by Semyon Varlamov without a rebound.
19:44 of 3rd period - Nolan Patrick wins face-off versus Frederick Gaudreau in NEW YORK Rangers zone.
19:44 of 3rd period - Nolan Patrick is hit by Jared McCann.
Goals for this period are 0 for NEW YORK Rangers vs 1 for WASHINGTON Capitals.
Shots for this period are 6 for NEW YORK Rangers vs 8 for WASHINGTON Capitals.

Overtime #1


0:01 of 1st overtime period - Ryan Strome wins face-off versus Alex Killorn in neutral zone.
0:14 of 1st overtime period - Shot by Ryan Strome.
0:14 of 1st overtime period - Stopped by Jordan Binnington without a rebound.
0:15 of 1st overtime period - Ryan Strome wins face-off versus Alex Killorn in WASHINGTON Capitals zone.
0:37 of 1st overtime period - Shot by Taylor Hall.
0:37 of 1st overtime period - Deflect By Ryan Strome.
0:37 of 1st overtime period - Shot Misses the Net.
0:39 of 1st overtime period - Shot by Ryan Strome.
0:39 of 1st overtime period - Stopped by Jordan Binnington without a rebound.
0:40 of 1st overtime period - Alex Killorn wins face-off versus Ryan Strome in WASHINGTON Capitals zone.
0:50 of 1st overtime period - Shot by Taylor Hall.
0:50 of 1st overtime period - Stopped by Jordan Binnington without a rebound.
0:51 of 1st overtime period - Ryan Strome wins face-off versus Alex Killorn in WASHINGTON Capitals zone.
0:52 of 1st overtime period - Shot by Taylor Hall.
0:52 of 1st overtime period - Shot Misses the Net.
0:56 of 1st overtime period - Shot by Ryan Strome.
0:56 of 1st overtime period - Shot Misses the Net.
1:06 of 1st overtime period - Icing by Taylor Hall.
1:07 of 1st overtime period - Ryan Strome wins face-off versus Alex Killorn in NEW YORK Rangers zone.
2:45 of 1st overtime period - Icing by Cody Goloubef.
2:46 of 1st overtime period - Trevor Moore wins face-off versus Frederick Gaudreau in NEW YORK Rangers zone.
2:55 of 1st overtime period - Shot by Tyler Ennis.
2:55 of 1st overtime period - Stopped by Jordan Binnington without a rebound.
2:56 of 1st overtime period - Ryan Strome wins face-off versus Denis Gurianov in WASHINGTON Capitals zone.
3:09 of 1st overtime period - Shot by Denis Gurianov.
3:09 of 1st overtime period - Shot Misses the Net.
3:23 of 1st overtime period - Shot by Denis Gurianov.
3:23 of 1st overtime period - Shot Misses the Net.
3:25 of 1st overtime period - Shot by Denis Gurianov.
3:25 of 1st overtime period - Shot Misses the Net.
3:41 of 1st overtime period - Shot by Frederick Gaudreau.
3:41 of 1st overtime period - Stopped by Semyon Varlamov without a rebound.
3:42 of 1st overtime period - Frederick Gaudreau wins face-off versus Trevor Moore in NEW YORK Rangers zone.
3:49 of 1st overtime period - Shot by Frederick Gaudreau.
3:49 of 1st overtime period - Shot Misses the Net.
Goals for this period are 0 for NEW YORK Rangers vs 0 for WASHINGTON Capitals.
Shots for this period are 4 for NEW YORK Rangers vs 1 for WASHINGTON Capitals.

ShootOut


5:00 of 1st overtime period - Round #1.
5:00 of 1st overtime period - NEW YORK Rangers, Travis Konecny.
5:00 of 1st overtime period - Stopped by Jordan Binnington.
5:00 of 1st overtime period - WASHINGTON Capitals, Aleksander Barkov.
5:00 of 1st overtime period - Shot Misses the Net.
5:00 of 1st overtime period - Round #2.
5:00 of 1st overtime period - NEW YORK Rangers, Nolan Patrick.
5:00 of 1st overtime period - Goal by Nolan Patrick.
5:00 of 1st overtime period - WASHINGTON Capitals, Nikita Kucherov.
5:00 of 1st overtime period - Stopped by Semyon Varlamov.
5:00 of 1st overtime period - Round #3.
5:00 of 1st overtime period - NEW YORK Rangers, Logan Couture.
5:00 of 1st overtime period - Stopped by Jordan Binnington.
5:00 of 1st overtime period - WASHINGTON Capitals, Denis Gurianov.
5:00 of 1st overtime period - Stopped by Semyon Varlamov.